 Dungeon Crawl Stone Soup version 0.30.1-11-g7821555f0a (webtiles) character file.

Game seed: 6311618226178629915

77 Ekaitz the Gusty (level 4, 0/24 (25) HPs)
             Began as a Tengu Air Elementalist on Dec 23, 2023.
             Slain by Crazy Yiuf
             ... wielding a +4 quarterstaff of chaos
              (7 damage)
             ... on level 2 of the Dungeon.
             The game lasted 00:03:35 (1737 turns).

Ekaitz the Gusty (Tengu Air Elementalist)           Turns: 1737, Time: 00:03:36

HP:   0/24 (25)     AC:  2    Str:  9    XL:     4   Next: 34%
MP:   8/8           EV: 12    Int: 17    God:
Gold: 103           SH:  0    Dex: 14    Spells: 1/7 levels left

rFire   . . .        d - +0 dagger (venom)
rCold   . . .        (no shield)
rNeg    . . .        a - +0 robe
rPois   .            (helmet restricted)
rElec   .            (no cloak)
rCorr   .            (no gloves)
SInv    .            (boots unavailable)
Will    .....        (no amulet)
Stlth   ++           (no ring)
HPRegen 0.24/turn    (no ring)
MPRegen 0.11/turn

%: no passive effects
@: lightly drained
A: beak, talons 3
a: no special abilities


You were on level 2 of the Dungeon.
You visited 1 branch of the dungeon, and saw 2 of its levels.

You collected 103 gold pieces.

Inventory:

Hand Weapons
 d - a +0 dagger of venom (weapon)
Missiles
 l - 3 poisoned darts
Armour
 a - a +0 robe (worn)
Scrolls
 c - 5 scrolls of teleportation {unknown}
 g - a scroll of vulnerability {unknown}
 k - a scroll of fog {unknown}
 m - a scroll of torment {unknown}
Potions
 b - 2 potions of magic
 e - 4 potions of curing {unknown}
 f - a potion of brilliance {unknown}
 h - a potion of heal wounds {unknown}
 i - a potion of resistance {unknown}
 j - a potion of cancellation {unknown}
 n - a potion of haste {unknown}


   Skills:
 * Level 1.0 Fighting
 + Level 0.2 Short Blades
 * Level 2.4 Dodging
 + Level 2.4 Stealth
 + Level 2.3 Spellcasting
 * Level 2.5 Conjurations
 * Level 5.2 Air Magic


You had one spell level left.
You knew the following spells:

 Your Spells              Type           Power      Damage    Failure   Level
a - Shock                 Conj/Air       60%        1d6       3%          1
b - Static Discharge      Conj/Air       30%        2-4/arc   6%          2
c - Swiftness             Air            19%        N/A       7%          3

Your spell library contained the following spells:

 Spells                   Type           Power      Damage    Failure   Level
 Freeze                   Ice            4%         1d3       19%         1
 Airstrike                Air            9%         2d(2-18)  22%         4
 Hailstorm                Conj/Ice       6%         3d4       32%         3
 Frozen Ramparts          Ice            2%         1d1       50%         3


Dungeon Overview and Level Annotations

Branches:
Dungeon (2/15)

Altars:

Annotations:
D:2 Crazy Yiuf


Innate Abilities, Weirdness & Mutations

You have a beak for a mouth.
You have claws for feet.


Message History

Things that are here:
a ball python corpse; a rat corpse
Found a rapier.
e - 3 murky orange potions (gained 1)
m - a scroll labelled ZIEXOUDGHELL
e - 4 murky orange potions (gained 1)
n - a metallic purple potion You open the door. 2 kobolds come into view.
Found a stone staircase leading up.
There is an open door here.
The kobold shouts! x2
The kobold closely misses you.
You hit the kobold.
The kobold is poisoned.
Your kick misses the kobold.
The kobold is severely wounded.
You kill the kobold!
Casting: Static Discharge (safe; 6% risk of failure)
Confirm with . or Enter, or press ? or * to list all spells.
The kobold is struck by an arc of lightning.
You kill the kobold!
You are struck by an arc of lightning.
Unknown command.
Things that are here:
a +0 dagger; a kobold corpse You see here a +0 short sword.
There is a stone staircase leading up here.
You open the door.
There is an open door here.
Found a hammer.
Found a runed translucent door.
You open the door.
There is an open translucent door here.
Crazy Yiuf shouts!
Crazy Yiuf hits you with a +4 quarterstaff of chaos!
Ouch! That really hurt!
You feel drained.
* * * LOW HITPOINT WARNING * * *
Crazy Yiuf says, "Adder Hive snockshim!"
Crazy Yiuf attacks as you move away!
Crazy Yiuf hits you with a +4 quarterstaff of chaos!
You die...

##.....## #....#.#
##...## #.#.##.#
##'## #.#.##.# #.#
######## #.# ##.#
###..##♣♣ #####
##.....#.♣♣ ♣♣#..)#
...#......♣♣♣♣.'@g.#
#####......♣..♣#...#
#..#..♣.♣♣♣#####
#.##♣♣♣♣♣ #.# #.#
#.# #.#


You could see Crazy Yiuf.

Vanquished Creatures
  4 adders (D:2)
  A worm (D:2)
  A dart slug (D:1)
  6 bats
  2 endoplasms (D:1)
  A giant cockroach (D:1)
  4 goblins (D:1)
  3 hobgoblins
  3 ball pythons
  3 frilled lizards (D:1)
  5 kobolds
  6 rats
39 creatures vanquished.

Notes
Turn   | Place    | Note
-------+----------+-------------------------------------------
     0 | D:1      | Ekaitz the Tengu Air Elementalist began the quest for the
                  | Orb.
     0 | D:1      | Reached XP level 1. HP: 10/10 MP: 4/4
   297 | D:1      | Reached XP level 2. HP: 16/16 MP: 3/6
   300 | D:1      | Learned a level 2 spell: Static Discharge
   809 | D:1      | Reached XP level 3. HP: 20/20 MP: 7/7
   813 | D:1      | Learned a level 3 spell: Swiftness
   907 | D:1      | Found a faded altar of an unknown god.
  1408 | D:2      | Reached skill level 1 in Fighting
  1408 | D:2      | Reached XP level 4. HP: 23/25 MP: 4/8
  1569 | D:2      | Reached skill level 5 in Air Magic
  1728 | D:2      | Found a runed translucent door.
  1729 | D:2      | Noticed Crazy Yiuf
  1737 | D:2      | Slain by Crazy Yiuf

Illustrated notes

Levels and vault maps discovered:
D:1:      lightli_arrival_quake, layout_loops_ring,
          dreamdust_ecumenical_altar_grove
D:2:      layout_loops_corners, st_stairs_5,
          hangedman_abyss_or_decor_lesser_grid, uniq_crazy_yiuf_cottage

Skill      XL: |  1  2  3  4 |
---------------+-------------+-----
Conjurations   | 2 |  2.5
Fighting       | 1 |  1.0
Air Magic      | 5 |  5.2
Short Blades   | |  0.2
Dodging        | |  2.4
Stealth        | |  2.4
Spellcasting   | |  2.3

Action                     |  1- 3 |  4- 6 || total
---------------------------+-------+-------++-------
  Melee: Dagger            |    18 |     2 ||    20
         Kick              |     2 |       ||     2
         Peck              |     1 |       ||     1
   Cast: Shock             |    48 |     4 ||    52
         Static Discharge  |       |     2 ||     2
   Stab: Sleeping          |     5 |     1 ||     6
 Armour: Robe              |     3 |     1 ||     4
  Dodge: Dodged            |    10 |     2 ||    12
